Map: Overgrowth LE (Void)

Players

Seed

  • Race: Protoss Protoss
  • Spawn Location: 1:00

GuMiho - Winner!

  • Race: Terran Terran
  • League: Grandmaster
  • Spawn Location: 7:00

Event: Polygon Gaming Invitational 6

VOD

Have the link to the VOD?

Description

Time

  • Played on: Jan. 14, 2017, 10:10 a.m.
  • Length: 9:17

All games in this series

Show
View Real Time Build Order
Export as new Build Order

Seed Protoss 

Build Orders: 1 Gate Expand, Blink Stalkers 

Get SALT Encoding   

  12  0:01  Probe (Chrono Boost)  
  13  0:11  Probe (Chrono Boost)  
  14  0:19  Pylon  
  14  0:22  Probe (Chrono Boost)  
  15  0:37  Probe (Chrono Boost)  
  15  0:38  Gateway  
  15  0:41  Assimilator  
  16  0:48  Probe (Chrono Boost)  
  17  0:59  Probe (Chrono Boost)  
  18  1:09  Probe (Chrono Boost)  
  19  1:17  Nexus  
  19  1:26  Cybernetics Core  
  19  1:29  Probe (Chrono Boost)  
  20  1:34  Assimilator  
  21  1:40  Probe (Chrono Boost)  
  21  1:43  Pylon  
  21  1:50  Probe (Chrono Boost)  
  23  2:03  Mothership Core (Chrono Boost)  
  23  2:05  Adept  
  26  2:14  Warp Gate  
  26  2:21  Probe (Chrono Boost)  
  27  2:29  Probe (Chrono Boost)  
  28  2:32  Probe (Chrono Boost)  
  29  2:39  Probe (Chrono Boost)  
  29  2:40  Robotics Facility  
  29  2:42  Probe (Chrono Boost)  
  31  2:50  Probe (Chrono Boost)  
  32  2:53  Twilight Council  
  32  2:55  Probe (Chrono Boost)  
  33  3:01  Probe (Chrono Boost)  
  34  3:06  Probe (Chrono Boost)  
  34  3:11  Probe (Chrono Boost)  
  34  3:12  Pylon  
  36  3:16  Probe (Chrono Boost)  
  36  3:17  Gateway x2  
  36  3:19  Blink  
  37  3:22  Probe (Chrono Boost)  
  37  3:25  Observer  
  39  3:28  Probe (Chrono Boost)  
  39  3:32  Assimilator  
  41  3:35  Probe (Chrono Boost)  
  41  3:40  Probe (Chrono Boost)  
  42  3:43  Pylon  
  42  3:46  Assimilator, Observer  
  42  3:47  Probe (Chrono Boost)  
  45  3:56  Probe (Chrono Boost)  
  45  3:59  Probe (Chrono Boost)  
  45  4:02  Warp Prism, Pylon  
  46  4:08  Probe (Chrono Boost)  
  49  4:12  Probe (Chrono Boost)  
  50  4:18  Stalker x3  
  50  4:21  Pylon  
  54  4:33  Probe (Chrono Boost)  
  54  4:38  Probe (Chrono Boost)  
  54  4:45  Probe (Chrono Boost), Stalker x2  
  57  4:50  Probe (Chrono Boost)  
  57  4:52  Stalker  
  60  4:56  Pylon  
  61  5:00  Probe (Chrono Boost)  
  60  5:09  Stalker x2  
  66  5:14  Probe (Chrono Boost)  
  66  5:15  Probe (Chrono Boost)  
  66  5:20  Robotics Bay  
  66  5:26  Pylon  
  66  5:28  Probe x2 (Chrono Boost), Resonating Glaives  
  68  5:33  Stalker  
  70  6:01  Adept, Pylon, Sentry x2  
  70  6:02  Disruptor  
  70  6:03  Nexus  
  76  6:04  Gateway  
  79  6:15  Forge  
  81  6:26  Probe x2 (Chrono Boost)  
  81  6:28  Gateway  
  81  6:29  Gateway  
  81  6:31  Colossus  
  87  6:43  Adept x3  
  87  6:46  Extended Thermal Lance  
  93  6:48  Protoss Ground Weapons Level 1  
  93  6:50  Probe (Chrono Boost)  
  94  7:04  Pylon  
  94  7:15  Probe (Chrono Boost)  
  97  7:16  Probe x2 (Chrono Boost), Stalker x2  
  97  7:17  Stalker, Pylon  
  97  7:20  Colossus  
  103  7:26  Probe (Chrono Boost)  
  103  7:29  Probe (Chrono Boost)  
  111  7:36  Pylon  
  110  7:54  Adept x5  
  110  7:55  Adept  
  122  8:00  Gateway  
  122  8:01  Gateway  
  121  8:14  Adept x2  
  121  8:15  Adept x3  
  131  8:21  Pylon  
  131  8:24  Pylon  
  131  8:27  Pylon  
  133  8:41  Pylon  
  133  8:43  Stalker x4  
  133  8:44  Stalker  
  133  8:59  Stalker  
Show
View Real Time Build Order
Export as new Build Order

GuMiho Terran - Winner!

Build Orders: Reaper Expand, MMM Bio 

Get SALT Encoding   

  12  0:00  SCV  
  13  0:13  SCV  
  14  0:17  Supply Depot  
  14  0:25  SCV  
  14  0:27  Refinery  
  15  0:39  SCV  
  16  0:44  Barracks  
  16  0:51  SCV  
  17  1:03  SCV  
  18  1:15  SCV  
  19  1:31  Reaper  
  19  1:32  Orbital Command  
  20  1:41  Command Center  
  20  1:51  Factory  
  20  1:57  SCV  
  21  2:05  Supply Depot  
  21  2:06  Barracks Reactor  
  21  2:09  SCV  
  21  2:12  Refinery  
  22  2:21  SCV  
  23  2:33  SCV  
  24  2:42  Starport, Marine  
  24  2:43  Marine  
  26  2:45  SCV  
  27  2:53  Orbital Command  
  27  2:58  SCV  
  28  3:01  Marine x2  
  28  3:02  Cyclone  
  33  3:10  Supply Depot, SCV  
  34  3:18  Medivac  
  34  3:19  SCV  
  37  3:21  Marine x2  
  37  3:24  SCV  
  40  3:31  SCV  
  40  3:33  Supply Depot  
  41  3:34  Factory Tech Lab  
  41  3:36  SCV  
  41  3:39  Barracks  
  42  3:41  Marine  
  42  3:42  Marine  
  42  3:45  SCV  
  42  3:48  SCV  
  46  3:56  Siege Tank  
  46  3:59  Engineering Bay  
  46  4:00  SCV x2  
  51  4:06  Marine x2  
  51  4:07  Supply Depot  
  53  4:12  SCV x2  
  55  4:24  Marine x2, SCV x2  
  55  4:27  Barracks  
  57  4:36  SCV x2  
  59  4:45  Terran Infantry Weapons Level 1  
  57  4:46  Marine x2, Barracks Tech Lab  
  57  4:48  SCV x2  
  57  4:50  Refinery  
  57  4:51  Refinery  
  61  4:53  Siege Tank  
  61  4:54  Supply Depot  
  61  4:59  Missile Turret  
  64  5:00  SCV x2  
  64  5:04  Marine x2  
  68  5:12  Marine, SCV, Stimpack  
  70  5:15  Supply Depot, SCV  
  70  5:17  Starport Reactor  
  70  5:18  Barracks  
  71  5:24  SCV  
  72  5:28  Combat Shields, Marine  
  72  5:32  Factory Reactor  
  72  5:33  Marine x3  
  76  5:37  SCV x2  
  76  5:39  Barracks  
  78  5:55  Supply Depot  
  78  6:09  Supply Depot x2  
  78  6:10  Barracks Reactor  
  78  6:15  Marine x3, Medivac x2  
  78  6:16  Supply Depot  
  78  6:17  Marauder, Supply Depot  
  87  6:18  Supply Depot  
  87  6:22  SCV x2  
  89  6:25  Widow Mine  
  89  6:26  Widow Mine  
  89  6:30  Liberator x2  
  89  6:31  Barracks Tech Lab  
  93  6:34  Marauder, Marine x2, SCV x2  
  93  6:38  Marauder  
  93  6:39  Supply Depot  
  101  6:40  Supply Depot  
  101  6:50  Marauder  
  101  6:51  Marine x2  
  111  6:55  Marauder  
  111  6:56  Marine x2  
  115  7:03  Concussive Shells  
  115  7:04  Marauder  
  115  7:05  Widow Mine x2  
  121  7:12  Marauder  
  123  7:17  Command Center  
  123  7:20  Marauder, Marine x2  
  127  7:23  Marine  
  128  7:38  Marauder, Marine  
  131  7:47  Marauder, Marine x2  
  135  7:52  Marauder, Marine  
  135  7:55  Widow Mine x2  
  135  7:56  Marine  
  143  7:59  Marine  
  143  8:05  Marine x2  
  146  8:09  Marauder  
  146  8:10  Marine  
  148  8:13  Supply Depot  
  148  8:14  Marauder  
  148  8:15  Supply Depot  
  150  8:25  Supply Depot  
  150  8:26  Marine x3, Supply Depot  
  155  8:27  Marauder  
  155  8:30  Marauder  
  151  8:37  Marauder, Marine  
  154  8:44  Marine x3  
  154  8:48  Marine  
  158  8:51  Marine  
  158  8:55  Marine  
Tags
 
Add a new tag
Caveats
  • Supply blocks, unpowered buildings, or Contaminate may cause inaccurate times.
  • Supply counts are checked every 10 seconds.